 Dungeon Crawl Stone Soup version 0.22-a0-305-gd21a89c (webtiles) character file.

421 xccam the Cudgeler (level 7, -2/52 HPs)
             Began as a Formicid Fighter on Mar 30, 2018.
             Slain by a steam dragon (3 damage)
             ... on level 4 of the Dungeon.
             The game lasted 00:05:06 (3455 turns).

xccam the Cudgeler (Formicid Fighter)               Turns: 3455, Time: 00:05:08

Health: -2/52      AC:  8    Str: 23    XL:     7   Next: 16%
Magic:  7/7        EV:  8    Int:  7    God:
Gold:   256        SH:  9    Dex: 10    Spells: 6/6 levels left

rFire    . . .     SeeInvis +   a - +0 flail
rCold    . . .     Gourm    .   c - +0 shield
rNeg     . . .     Faith    .   b - +0 scale mail
rPois    .         Spirit   .   (helmet unavailable)
rElec    .         Reflect  .   d - +0 cloak
rCorr    .         Harm     .   (no gloves)
MR       .....                  (no boots)
Stlth    ..........             (no amulet)
HPRegen  0.17/turn              v - ring of teleportation (curse)
MPRegen  0.10/turn              (no ring)

@: no status effects
A: permanent stasis, dig shafts and tunnels, four strong arms, antennae 3
a: Dig, Shaft Self


You were on level 4 of the Dungeon.
You were not hungry.

You visited 1 branch of the dungeon, and saw 4 of its levels.

You collected 256 gold pieces.

Inventory:

Hand Weapons
 a - a +0 flail (weapon)
Armour
 b - a +0 scale mail (worn)
 c - a +0 shield (worn)
 d - a +0 cloak (worn)
 l - a cursed +0 plate armour
Jewellery
 v - a cursed ring of teleportation (left hand)
Scrolls
 e - a scroll of fear {unknown}
 h - 2 scrolls of remove curse {unknown}
 j - a scroll of enchant weapon {unknown}
 k - 2 scrolls of immolation {unknown}
 m - a scroll of teleportation {unknown}
 n - a scroll of enchant armour {unknown}
 o - a scroll of fog {unknown}
 p - 2 scrolls of magic mapping {unknown}
 q - 7 scrolls of identify {unknown}
 s - a scroll of amnesia {unknown}
 t - a scroll of noise {unknown}
Potions
 g - a potion of heal wounds
 i - a potion of berserk rage {unknown}
 r - 3 potions of curing {unknown}
Comestibles
 f - 4 rations
 u - 2 chunks of flesh


   Skills:
 - Level 3.2 Fighting
 + Level 7.2 Maces & Flails
 - Level 3.2 Armour
 - Level 3.6 Shields


You had 6 spell levels left.
You didn't know any spells.

Dungeon Overview and Level Annotations

Branches:
Dungeon (4/15)
 Temple: D:4-7

Altars:
Elyvilon
Hepliaklqana


Innate Abilities, Weirdness & Mutations

You cannot be hasted, slowed, berserked, paralysed or teleported.
You can dig through walls and to a lower floor.
Your four strong arms can wield two-handed weapons with a shield.
You have a pair of large antennae on your head. (SInv)


Message History

The steam dragon is moderately wounded.
You block the steam dragon's attack. The steam dragon claws you.
The steam dragon closely misses you.
The steam dragon claws you but does no damage.
You closely miss the steam dragon.
The steam dragon is moderately wounded.
The steam dragon breathes steam at you. The ball of steam misses you.
Your shield and scale mail prevent you from hitting the steam dragon.
The steam dragon is moderately wounded.
You are engulfed in a cloud of scalding steam.
The steam dragon breathes steam at you. The ball of steam hits you!
* * * LOW HITPOINT WARNING * * *
You hit the steam dragon.
The steam dragon is moderately wounded.
You are engulfed in a cloud of scalding steam.
* * * LOW HITPOINT WARNING * * *
The steam dragon bites you.
You die...

..# #..##.## #.# #.......#
##.##..## #.# #.......# #....<.##
#.# #.......# ######... #.#
#.......# #.## #.## #.......#
#..# #..# #.......# ##..
####(#####......D# #..
.###....#####.#.@##### #.#
....###.....#.##§....### #.#
###...#####†#.######...########.#
.####...###...#######............
.# ##...##..........#.#######.#
.####.........#.#######..##.....#
......####.......### ##....#####
.#<.#### ####...>..## ##...####.
.##....# #.#..#..######......!


You could see a steam dragon.

Vanquished Creatures
  Crazy Yiuf (D:2)
  A gnoll shaman (D:4)
  2 orc priests (D:3)
  An orc wizard (D:4)
  Terence (D:2)
  A worker ant (D:4)
  A hound zombie (D:4)
  Robin (D:2)
  3 gnolls (D:4)
  7 adders
  2 dart slugs
  5 leopard geckos
  10 orcs
  3 ball pythons
  5 giant cockroaches
  9 hobgoblins
  9 kobolds
  5 bats
  5 frilled lizards
  19 goblins
  5 rats
96 creatures vanquished.

Notes
Turn   | Place    | Note
-------+----------+-------------------------------------------
     0 | D:1      | xccam the Formicid Fighter began the quest for the Orb.
     0 | D:1      | Reached XP level 1. HP: 18/18 MP: 1/1
   163 | D:1      | Reached XP level 2. HP: 22/24 MP: 2/2
   278 | D:1      | Reached skill level 3 in Maces & Flails
   361 | D:1      | Reached XP level 3. HP: 26/29 MP: 3/3
  1038 | D:2      | Noticed Robin
  1057 | D:2      | Reached skill level 4 in Maces & Flails
  1057 | D:2      | Reached XP level 4. HP: 19/35 MP: 4/4
  1069 | D:2      | Killed Robin
  1409 | D:2      | Noticed Terence
  1421 | D:2      | Killed Terence
  1421 | D:2      | Reached XP level 5. HP: 37/41 MP: 5/5
  1603 | D:2      | Found a runed door.
  1607 | D:2      | Noticed Crazy Yiuf
  1620 | D:2      | Killed Crazy Yiuf
  1620 | D:2      | Reached skill level 5 in Maces & Flails
  2140 | D:3      | Reached XP level 6. HP: 41/47 MP: 6/6
  2145 | D:3      | Reached skill level 6 in Maces & Flails
  2408 | D:3      | Found a hazy altar of Hepliaklqana.
  2483 | D:3      | Found a faded altar of an unknown god.
  3156 | D:4      | Found a white marble altar of Elyvilon.
  3335 | D:4      | Reached skill level 7 in Maces & Flails
  3335 | D:4      | Reached XP level 7. HP: 17/52 MP: 7/7
  3446 | D:4      | Noticed a steam dragon
  3455 | D:4      | HP: 1/52 [steam dragon] (7)]
  3455 | D:4      | Slain by a steam dragon

Vault maps used:
D:1:      dpeg_arrival_morbid_curiosity, serial_bayou_lagoon_a,
          kennysheep_nondescript
D:2:      first_ration, minmay_misc_feat_nine_boxes, uniq_robin, uniq_terence,
          uniq_crazy_yiuf_cottage
D:3:      lemuel_crystal_altar, chequers_ecumenical_altar_twisty
D:4:      elyvilon_altar_5

Skill      XL: |  1  2  3  4  5  6 |
---------------+-------------------+-----
Maces & Flails | 3 4 5 7 |  7.2
Fighting       | |  3.2
Armour         | |  3.2
Shields        | |  3.6

Action                   |  1- 3 |  4- 6 |  7- 9 || total
-------------------------+-------+-------+-------++-------
Melee: Flail             |   115 |   224 |    18 ||   357
  Use: Potion            |     1 |       |     2 ||     3
  Eat: Chunk             |       |     5 |       ||     5
       Ration            |       |     1 |       ||     1
Armor: Scale mail        |    49 |   103 |    11 ||   163
Dodge: Dodged            |    48 |    67 |     7 ||   122
Block: Shield            |    58 |   126 |     9 ||   193

Table legend:
 A = Spawn XP
 B = Non-spawn XP
 C = Spawn XP percentage of total XP
 D = Spawn monster count
 E = Non-spawn monster count
 F = Spawn count percentage of total count
 G = Total turns spent on level
                    A         B        C        D         E        F      G
               +---------+---------+-------+---------+---------+-------+---------
         Total |       0 |     602 |   0.0 |       0 |      96 |   0.0 |  3455
               +---------+---------+-------+---------+---------+-------+---------
           D:1 |       0 |      50 |   0.0 |       0 |      29 |   0.0 |   912
           D:2 |       0 |     148 |   0.0 |       0 |      25 |   0.0 |   776
           D:3 |       0 |     183 |   0.0 |       0 |      27 |   0.0 |  1462
           D:4 |       0 |     221 |   0.0 |       0 |      15 |   0.0 |   305
               +---------+---------+-------+---------+---------+-------+---------
